AoeStats
← lokomats69

Arena

510345892Analyzed
1v1 RM · 2d ago on Sep 30, 2026· 47m 56s· 2 players
Game mode
Random Map
Map size
Tiny (2 player)
Population
200
Speed
Normal
Resources
Standard
Victory
Conquest
Starting age
Dark Age
Ending age
Imperial Age
RankedLock teamsTeams togetherTeam positionsShared explorationLock speedFull tech treeHidden civsTurbo modeCheats
Victory
Defeat
🇦🇷 Teutons · Argentina
1020
+16
🇨🇱 Turks · Chile
1019
-16
lokomats69
4:55 Loom
13:49 Feudal Age
14:35 Horse Collar
23:35 Castle Age
39:24 Imperial Age
[FeI] Red Army
6:25 Loom
9:26 Feudal Age
12:14 Man-at-Arms
18:38 Fletching
22:03 Double-Bit Axe
26:50 Castle Age
24:37 Town Watch
24:35 Horse Collar
26:41 Stone Mining
26:43 Gold Mining
28:34 Bodkin Arrow
29:46 Town Patrol
30:22 Wheelbarrow
29:54 Guard Tower
31:28 Heavy Plow
36:21 Imperial Age
35:18 Masonry
35:30 Ballistics
37:10 Bow Saw
38:17 Keep
39:17 Crop Rotation
40:04 Chemistry
40:37 Hand Cart
42:13 Two-Man Saw
44:30 Bloodlines
44:30 Scale Barding Armor
44:36 Forging
45:17 Cavalier
46:40 Stone Shaft Mining
46:44 Paladin
Connection lost

Rejoining the realm…

Still unreachable

The connection could not be restored.

Session expired

The server has moved on; the page needs a fresh start.